cohdb
Replays
Latest Replays
All Replays
Popular Replays
Top Player Replays
Match Explorer
How It Works
Community
CoH3 Stats
Reddit
Sign in to upload your games and track your stats! →
Sign in with Steam
Match 41819687
Unlisted
Match 41819687
Overview
Messages
Build Orders
End
Pioneer Squad
Construct Infanterie Kompanie
Selects Mechanized Battlegroup
GrW 34 Mortar Team
MG 42 Machine Gun Team
Grenadier Squad
Construct Luftwaffe Kompanie
Jäger Squad
Support Elements
Marder III M Tank Destroyer
Selects Mobile Repair Stations
MG 42 Bunker
221 Scout Car
Pioneer Squad
Selects Wespe Self-propelled Artillery
Wespe Self-propelled Artillery
MG 42 Bunker
Jäger Squad
Marder III M Tank Destroyer
NixiMix
Dyloxide
龙舞青云
Northwind
nidjo
skylight1944
CPU - VERY EASY
L0uforini
0
0
Comments
sign in to comment!
No comments posted yet!